 Dungeon Crawl Stone Soup version 0.23.2-40-g277498a001 (webtiles) character file.

Game seed: 8357238867959685246

86007 Hylith the Severer (level 16, -3/128 HPs)
             Began as a Formicid Fighter on Sept 7, 2019.
             Was the Champion of Okawaru.
             Killed from afar by Nikola (22 damage)
             ... with a chain lightning
             ... on level 1 of the Snake Pit on Sept 10, 2019.
             The game lasted 01:32:45 (23253 turns).

Hylith the Severer (Formicid Fighter)              Turns: 23253, Time: 01:32:46

Health: -3/128     AC: 27    Str: 26    XL:     16   Next: 32%
Magic:  0/21       EV: 14    Int: 13    God:    Okawaru [******]
Gold:   1978       SH: 16    Dex: 10    Spells: 15/22 levels left

rFire    . . .     SeeInvis +   D - +9 battleaxe (flame)
rCold    + . .     Gourm    .   U - +0 shield {reflect}
rNeg     . . .     Faith    .   E - quicksilver dragon scales
rPois    +         Spirit   +   (helmet unavailable)
rElec    .         Reflect  +   m - scarf {Spirit}
rCorr    .         Harm     .   L - +2 pair of gloves "Roahep" {*Contam rPois rC+ Slay+2}
MR       ++...                  B - +0 pair of boots
Stlth    ++........             t - amulet of regeneration
HPRegen  0.71/turn              J - +6 ring of protection
MPRegen  0.17/turn              a - ring "Simulilai" {Int+3 Slay+5}

@: heroism
A: permanent stasis, dig shafts and tunnels, four strong arms, antennae 3
a: Dig, Shaft Self, Heroism, Finesse, Renounce Religion


You were on level 1 of the Snake Pit.
You worshipped Okawaru.
Okawaru was exalted by your worship.
You were very hungry.

You visited 4 branches of the dungeon, and saw 24 of its levels.

You collected 2701 gold pieces.
You spent 723 gold pieces at shops.

Inventory:

Hand Weapons
 v - a +2 broad axe of venom
 D - a +9 battleaxe of flaming (weapon)
 G - the +3 trident of Wocw {pierce, rF++}
   (You took it off a human on level 10 of the Dungeon)

   It inflicts extra damage upon your enemies.
   It greatly protects you from fire.
Missiles
 Z - 5 tomahawks of returning (quivered)
Armour
 m - a scarf of spirit shield (worn)
 B - a +0 pair of boots (worn)
 E - quicksilver dragon scales (worn)
 L - the +2 pair of gloves "Roahep" (worn) {*Contam rPois rC+ Slay+2}
   (You found it on level 10 of the Dungeon)

   It affects your accuracy and damage with ranged weapons and melee attacks
   (+2).
   It protects you from cold.
   It protects you from poison.
   It causes magical contamination when unequipped.
 U - a +0 shield of reflection (worn)
Jewellery
 a - the ring "Simulilai" (right hand) {Int+3 Slay+5}
   (You bought it in a shop on level 2 of the Orcish Mines)

   [ring of intelligence]

   It affects your intelligence (+3).
   It affects your accuracy and damage with ranged weapons and melee attacks
   (+5).
 b - an uncursed ring of resist corrosion
 j - an uncursed ring of protection from magic
 t - an amulet of regeneration (around neck)
 H - an uncursed ring of protection from fire
 J - a +6 ring of protection (left hand)
Wands
 o - a wand of paralysis (47)
 r - a wand of iceblast (28)
 w - a wand of digging (11)
 x - a wand of acid (9)
 y - a wand of flame (32)
 Q - a wand of enslavement (33)
 W - a wand of polymorph (3)
Scrolls
 e - a scroll of identify
 k - 8 scrolls of fear
 l - 5 scrolls of fog
 n - 9 scrolls of remove curse
 q - 4 scrolls of enchant armour
 u - a scroll of enchant weapon
 C - 2 scrolls of amnesia
 I - 4 scrolls of magic mapping
 K - 3 scrolls of immolation
 N - a scroll of vulnerability
 S - 2 scrolls of summoning
 T - a scroll of holy word
 Y - a scroll of silence
Potions
 c - a potion of ambrosia {unknown}
 d - 4 potions of might
 g - 2 potions of agility
 h - 2 potions of mutation
 i - 8 potions of curing
 p - a potion of heal wounds
 s - 2 potions of magic
 z - 3 potions of flight
 A - a potion of resistance
 R - a potion of lignification
Miscellaneous
 F - a lamp of fire
Comestibles
 f - 43 rations


   Skills:
 + Level 12.3(17.3) Fighting
 * Level 15.2(20.2) Axes
 + Level 12.3(17.3) Armour
 - Level 3.0(8.0) Dodging
 - Level 15.0(20.0) Shields
 + Level 3.6 Spellcasting
 - Level 3.0 Charms
 - Level 3.0 Necromancy
 + Level 4.9 Poison Magic
 - Level 7.0 Invocations
 - Level 7.0 Evocations


You had 15 spell levels left.
You knew the following spells:

 Your Spells              Type           Power        Failure   Level  Hunger
a - Animate Skeleton      Necr           N/A          8%          1    #......
c - Mephitic Cloud        Conj/Pois/Air  #.......     38%         3    ###....
r - Regeneration          Chrm/Necr      ##........   24%         3    ###....

Your spell library contained the following spells:

 Spells                   Type           Power        Failure   Level  Hunger
 Pain                     Necr           ##..         8%          1    #......
 Vampiric Draining        Necr           ##........   24%         3    ###....
 Confusing Touch          Hex            #.....       28%         1    #......
 Flame Tongue             Conj/Fire      #....        28%         1    #......
 Magic Dart               Conj           #...         28%         1    #......
 Summon Butterflies       Summ           #.......     28%         1    #......
 Call Imp                 Summ           #.......     38%         2    ##.....
 Slow                     Hex            #.......     38%         2    ##.....
 Throw Flame              Conj/Fire      #.....       38%         2    ##.....
 Animate Dead             Necr           N/A          61%         4    #####..
 Call Canine Familiar     Summ           #.......     63%         3    ###....
 Confuse                  Hex            #.......     63%         3    ###....
 Conjure Flame            Conj/Fire      #.......     63%         3    ###....
 Gell's Gravitas          Tloc           #.........   63%         3    ###....
 Inner Flame              Hex/Fire       #.......     63%         3    ###....
 Ice Form                 Ice/Tmut       #.......     95%         4    #####..
 Leda's Liquefaction      Hex/Erth       #.........   95%         4    #####..
 Petrify                  Tmut/Erth      #.......     95%         4    #####..
 Sticky Flame             Conj/Fire      #.......     95%         4    #####..
 Summon Ice Beast         Ice/Summ       #.......     95%         4    #####..
 Bolt of Magma            Conj/Fire/Erth #.........   100%        5    ######.
 Fireball                 Conj/Fire      #.........   100%        5    ######.
 Metabolic Englaciation   Hex/Ice        #.........   100%        5    ######.
 Summon Mana Viper        Hex/Summ       #.......     100%        5    ######.
 Yara's Violent Unravell  Hex/Tmut       #.........   100%        5    ######.
 Bolt of Cold             Conj/Ice       #.........   100%        6    #######
 Freezing Cloud           Conj/Ice/Air   #.........   100%        6    #######
 Iron Shot                Conj/Erth      #.........   100%        6    #######
 Ozocubu's Refrigeration  Ice            #.........   100%        6    #######
 Simulacrum               Ice/Necr       #.........   100%        6    #######
 Statue Form              Tmut/Erth      #........    100%        6    #######
 Summon Hydra             Summ           #.........   100%        7    #######
 Shatter                  Erth           #.........   100%        9    #######
 Blink                    Tloc           Unusable     N/A         2    N/A

Dungeon Overview and Level Annotations

Branches:
Dungeon (15/15)            Temple (0/1) D:6            Lair (6/6) D:11
 Shoals (0/4) Lair:2        Snake (1/4) Lair:3        Slime (0/5) Lair:6
    Orc (2/2) D:11            Elf (0/3) Orc:2        Vaults (0/5) D:14
 Depths (0/5) D:15

Altars:
Cheibriados
Dithmenos
Gozag
Makhleb
Okawaru
Ru
Sif Muna
Trog
Vehumet
Wu Jian
Xom
The Shining One

Shops:
D:12 !   D:13 =   D:14 %   Orc:1 *   Orc:2 (((=

Annotations:
Lair:6 exclusion: oklob plant
Snake:1 Nikola


Innate Abilities, Weirdness & Mutations

You cannot be hasted, slowed, berserked, paralysed or teleported.
You can dig through walls and to a lower floor.
Your four strong arms can wield two-handed weapons with a shield.
You have a pair of large antennae on your head. (SInv)


Message History

* * * LOW HITPOINT WARNING * * *
The lightning arc hits the naga warrior.
The naga warrior dies!
The lightning arc hits you!
* * * LOW HITPOINT WARNING * * *
You feel much better.
Nikola yells, "Danger!
Danger!
High voltage!"
Nikola gestures at you while chanting. The zap misses you.
Aiming: Iceblast
Press: ? - help, Shift-Dir - straight line, f - Nikola
Aim: Nikola, wielding a +4 rapier of electrocution, wearing a +0 cloak and wearing a cursed +0 pair of gloves (severely wounded)
The mass of ice explodes!
The iceblast engulfs Nikola!
Nikola is almost dead.
Nikola casts a spell.
You hear a mighty clap of thunder!
The lightning arc hits you!
* * * LOW HITPOINT WARNING * * *
The lightning arc hits Nikola.
The lightning arc hits you!!
You die...

.......... ....#
.........# ##....#
........###+###.....#
........##..........#
##......##.?........#
##......##..........#
........##..........##..
........##.........[....
##......##...)..@.......
###.....##.....######...
.##.....##...@.######
.##.....##..........#
.##.....###.###.....#
........###+####....#
........##..........#
........##..........#
........##..........#


You could see Nikola.

Vanquished Creatures
  Rupert (Lair:6)
  Gastronok (D:9)
  Donald (Orc:1)
  Harold (Lair:2)
  An anaconda (Snake:1)
  A hydra (Lair:5)
  A naga warrior (Snake:1)
  11 two-headed ogres
  2 centaur warriors
  Erica (D:11)
  2 ogre magi (Orc:2)
  3 death yaks (D:11)
  A tengu warrior (D:10)
  Urug (D:12)
  An orc high priest (Orc:1)
  Sonja (D:11)
  5 skeletal warriors (D:14)
  2 unseen horrors (D:13)
  4 wizards
  2 deep trolls (Orc:1)
  4 deep elf magi
  Pikel (D:8)
  2 orc sorcerers
  A necromancer (D:15)
  An oklob plant (Lair:5)
  2 manticores
  6 cyclopes
  16 ugly things
  Maurice (Orc:2)
  5 black mambas
  A gargoyle (D:14)
  8 spiny frogs
  8 komodo dragons
  An efreet (D:14)
  A redback zombie (D:15)
  9 trolls
  3 hornets
  Prince Ribbit (D:8)
  11 blink frogs
  2 polar bears (Lair:6)
  Grinder (D:3)
  6 slime creatures
  A meliai zombie (D:14)
  10 hippogriffs
  3 dream sheep (Lair:6)
  14 spriggans (Lair:6)
  A tarantella (shapeshifter) (D:15)
  A wraith (D:15)
  3 wyverns
  5 humans
  30 yaks
  Eustachio (D:6)
  A hungry ghost (D:12)
  A steam dragon (D:12)
  A basilisk (Lair:1)
  2 vampire mosquitoes (D:14)
  A warg (Orc:1)
  An acid dragon (D:15)
  2 nagas (Lair:3)
  12 water moccasins
  2 insubstantial wisps
  15 orc warriors
  A hornet zombie (D:9)
  5 porcupines
  2 slaves (D:8)
  5 ice beasts
  4 black bears (Lair:6)
  7 sky beasts
  A necrophage (D:6)
  21 ogres
  5 boggarts (Lair:6)
  21 wolves (Lair:6)
  15 centaurs
  10 crocodiles
  3 big kobolds
  16 bullfrogs
  3 wyvern skeletons
  6 killer bees (D:8)
  3 scorpions
  12 wights
  6 howler monkeys
  4 crimson imps
  4 centaur zombies
  8 hounds
  A quasit (D:7)
  A bullfrog skeleton (D:7)
  7 orc priests
  8 jellies
  25 orc wizards
  7 centaur skeletons
  Jessica (D:3)
  8 iguanas
  9 worker ants
  A hell rat (D:11)
  A howler monkey zombie (D:8)
  2 worker ant zombies
  2 howler monkey skeletons
  3 gnolls (D:8)
  10 adders
  3 shadow imps
  5 oozes
  An adder zombie (D:9)
  2 adder skeletons
  2 worms
  4 dart slugs
  6 leopard geckos
  76 orcs
  2 giant cockroaches
  10 goblins
  8 hobgoblins
  6 quokkas
  A ball python (D:1)
  11 bats
  2 frilled lizards
  18 kobolds
  2 quokka skeletons (D:4)
  A quokka zombie (D:7)
  2 rats
  4 fungi
  7 plants
662 creatures vanquished.

Vanquished Creatures (others)
  A naga warrior (Snake:1)
  2 slaves (D:8)
  A centaur (D:13)
  An orc wizard (Orc:1)
  An orc (Orc:1)
  5 fungi
  3 plants
  6 toadstools (D:5)
20 creatures vanquished.

Grand Total: 682 creatures vanquished

Notes
Turn   | Place    | Note
-------+----------+-------------------------------------------
     0 | D:1      | Hylith the Formicid Fighter began the quest for the Orb.
     0 | D:1      | Reached XP level 1. HP: 18/18 MP: 1/1
   184 | D:1      | Reached XP level 2. HP: 24/24 MP: 2/2
   537 | D:1      | Reached XP level 3. HP: 29/29 MP: 3/3
  1045 | D:2      | Found a glowing golden altar of the Shining One.
  1160 | D:2      | Found a radiant altar of Vehumet.
  1202 | D:3      | Reached XP level 4. HP: 37/37 MP: 4/4
  1295 | D:3      | Reached XP level 5. HP: 27/42 MP: 3/5
  1561 | D:3      | Found an iron altar of Okawaru.
  1581 | D:3      | Became a worshipper of Warmaster Okawaru
  2039 | D:3      | Reached XP level 6. HP: 39/48 MP: 4/6
  2132 | D:3      | Noticed Jessica
  2139 | D:3      | Killed Jessica
  2164 | D:3      | Found an iron altar of Okawaru.
  2185 | D:3      | Noticed Grinder
  2194 | D:3      | Killed Grinder
  2194 | D:3      | Reached * piety under Okawaru
  2194 | D:3      | Reached skill level 5 in Shields
  2194 | D:3      | Reached XP level 7. HP: 26/55 MP: 2/7
  2307 | D:3      | Found a snail-covered altar of Cheibriados.
  2307 | D:3      | Found a sacrificial altar of Ru.
  2474 | D:4      | Reached skill level 5 in Axes
  2475 | D:4      | Reached skill level 5 in Fighting
  2475 | D:4      | Reached skill level 5 in Armour
  2609 | D:4      | Reached ** piety under Okawaru
  2871 | D:4      | Reached XP level 8. HP: 49/62 MP: 8/8
  2901 | D:4      | Found an ornate altar of the Wu Jian Council.
  3825 | D:5      | Entered Level 5 of the Dungeon
  4431 | D:5      | Found a shimmering altar of Xom.
  4927 | D:5      | Reached skill level 1 in Invocations
  4927 | D:5      | Reached skill level 1 in Evocations
  4998 | D:6      | Noticed Eustachio
  5024 | D:6      | Reached *** piety under Okawaru
  5032 | D:5      | Reached XP level 9. HP: 57/69 MP: 7/10
  5065 | D:6      | Killed Eustachio
  5248 | D:6      | Found a bloodstained altar of Trog.
  5338 | D:6      | Found a staircase to the Ecumenical Temple.
  5595 | D:7      | Reached **** piety under Okawaru
  6393 | D:7      | Noticed a hippogriff
  6426 | D:7      | Killed a hippogriff
  6426 | D:7      | Reached XP level 10. HP: 65/77 MP: 9/12
  6946 | D:8      | Noticed Pikel
  6973 | D:8      | Killed Pikel
  6973 | D:8      | Reached ***** piety under Okawaru
  7228 | D:8      | Noticed Prince Ribbit
  7286 | D:8      | Killed Prince Ribbit
  7450 | D:8      | Found a burning altar of Makhleb.
  8191 | D:9      | Found an opulent altar of Gozag.
  8252 | D:9      | Noticed Gastronok
  8264 | D:9      | Killed Gastronok
  8264 | D:9      | Reached skill level 10 in Axes
  8264 | D:9      | Reached skill level 1 in Dodging
  8264 | D:9      | Reached XP level 11. HP: 86/86 MP: 11/14
  8362 | D:10     | Entered Level 10 of the Dungeon
  8826 | D:10     | Identified the +3 trident of Wocw {pierce, rF++}
  8830 | D:10     | Received a gift from Okawaru
  8889 | D:10     | Got a pair of crude gloves
  8895 | D:10     | Identified the +2 pair of gloves "Roahep" {*Contam rPois
                  | rC+ Slay+2} (You found it on level 10 of the Dungeon)
  9065 | D:10     | Noticed a tengu warrior
  9072 | D:10     | Killed a tengu warrior
  9072 | D:10     | Reached ****** piety under Okawaru
  9374 | D:11     | Noticed Erica
  9386 | D:11     | Killed Erica
  9406 | D:11     | Noticed a death yak
  9417 | D:11     | Noticed a death yak
  9418 | D:11     | Noticed a death yak
  9426 | D:11     | Killed a death yak
  9426 | D:11     | Received a gift from Okawaru
  9426 | D:11     | Reached skill level 10 in Shields
  9434 | D:11     | Killed a death yak
  9437 | D:11     | Killed a death yak
  9437 | D:11     | Reached XP level 12. HP: 85/94 MP: 13/15
  9466 | D:11     | Found a staircase to the Lair.
  9561 | D:11     | Identified the +4 ring mail of the Sailor {rC+ MR- Str-4
                  | Int+8}
  9614 | D:11     | Noticed a two-headed ogre
  9621 | D:11     | Killed a two-headed ogre
  9621 | D:11     | Reached skill level 5 in Invocations
  9625 | D:11     | You fall through a shaft!
  9649 | D:11     | Noticed Sonja
  9686 | D:11     | Killed Sonja
  9755 | D:11     | Got an iridescent broad axe
  9756 | D:11     | Identified the cursed +1 broad axe of Action {drain, Str+3}
                  | (You found it on level 11 of the Dungeon)
  9780 | D:11     | Got a translucent lajatang
  9790 | D:11     | Identified the +4 lajatang of Voatumn {freeze, Str+4} (You
                  | found it on level 11 of the Dungeon)
  9840 | D:11     | Reached skill level 5 in Evocations
  9871 | D:11     | Found a staircase to the Orcish Mines.
 10071 | Lair:1   | Entered Level 1 of the Lair of Beasts
 10261 | Lair:1   | Found a snail-covered altar of Cheibriados.
 11035 | Lair:2   | Found a staircase to the Shoals.
 11161 | Lair:2   | Noticed Harold
 12236 | Lair:2   | Killed Harold
 12236 | Lair:2   | Received a gift from Okawaru
 12295 | Lair:3   | Reached XP level 13. HP: 92/101 MP: 15/17
 12343 | Lair:3   | Found a staircase to the Snake Pit.
 12719 | Lair:3   | You fall through a shaft for 2 floors!
 13502 | Lair:3   | Received a gift from Okawaru
 13503 | Lair:3   | Got an ichor-stained scale mail {god gift}
 13514 | Lair:3   | Identified the +4 scale mail of the Heron {rF+ Int+4}
                  | (Okawaru gifted it to you on level 3 of the Lair of Beasts)
 14036 | Lair:4   | Reached skill level 10 in Fighting
 14395 | Lair:5   | Reached skill level 10 in Armour
 14542 | Lair:5   | Noticed a four-headed hydra
 14549 | Lair:5   | Killed a seven-headed hydra
 14809 | Lair:5   | Found a shadowy altar of Dithmenos.
 15045 | Lair:6   | Entered Level 6 of the Lair of Beasts
 15327 | Lair:6   | Found a staircase to the Slime Pits.
 15392 | Lair:6   | Noticed Rupert
 15408 | Lair:6   | Killed Rupert
 15469 | Lair:6   | Reached XP level 14. HP: 111/111 MP: 19/19
 16021 | Lair:6   | Received a gift from Okawaru
 16654 | Orc:1    | Entered Level 1 of the Orcish Mines
 16886 | Orc:1    | Found Fumap's General Store.
 17142 | Orc:1    | Found a deep blue altar of Sif Muna.
 17350 | Orc:2    | Entered Level 2 of the Orcish Mines
 17379 | Orc:2    | Noticed Maurice
 17385 | Orc:2    | Killed Maurice
 17627 | Orc:1    | Received a gift from Okawaru
 17958 | Orc:2    | Found a staircase to the Elven Halls.
 17958 | Orc:2    | Found Dougiazi's Antique Weapon Emporium.
 17958 | Orc:2    | Found Nequm's Weapon Shop.
 18182 | Orc:2    | Noticed Donald
 18202 | Orc:1    | Killed Donald
 18364 | Orc:2    | Reached XP level 15. HP: 115/119 MP: 18/20
 18572 | Orc:2    | Found Fezxid's Antique Weapon Shop.
 18654 | Orc:1    | Learned a level 3 spell: Mephitic Cloud
 18698 | Orc:2    | Found Ofomouk's Jewellery Boutique.
 18710 | Orc:2    | Bought the ring "Simulilai" {Int+3 Slay+5} for 611 gold
                  | pieces
 19245 | D:12     | Noticed Urug
 19259 | D:12     | Killed Urug
 19259 | D:12     | Reached skill level 15 in Shields
 19404 | D:12     | Found Suena's Distillery.
 19449 | D:12     | Bought a potion of mutation for 112 gold pieces
 19709 | D:13     | Received a gift from Okawaru
 19920 | D:13     | Learned a level 3 spell: Regeneration
 19922 | D:13     | Learned a level 1 spell: Animate Skeleton
 20072 | D:13     | Reached skill level 1 in Poison Magic
 20086 | D:13     | Reached skill level 1 in Necromancy
 20142 | D:13     | Reached skill level 1 in Charms
 20193 | D:13     | Found Quleyfig's Jewellery Shop.
 20220 | D:13     | Reached skill level 1 in Spellcasting
 21184 | D:14     | Found a gate to the Vaults.
 21214 | D:14     | Found Gamirec's Food Emporium.
 21733 | D:15     | Entered Level 15 of the Dungeon
 21812 | D:15     | Received a gift from Okawaru
 21812 | D:15     | Reached XP level 16. HP: 112/127 MP: 18/21
 22149 | D:15     | Reached skill level 15 in Axes
 22160 | D:15     | Found a staircase to the Depths.
 22951 | Snake:1  | Entered Level 1 of the Snake Pit
 23229 | Snake:1  | Noticed Nikola
 23247 | Snake:1  | HP: 2/128 [Nikola/chain lightning (12)]
 23253 | Snake:1  | Killed from afar by Nikola

Skill      XL: |  1  2  3  4  5  6  7  8  9 10 11 12 13 14 15 16 |
---------------+-------------------------------------------------+-----
Shields        | 4 5 6 7 9 10 11 13 14 15 | 15.0
Axes           | 3 4 5 6 7 10 11 12 13 14 15 | 15.2
Fighting       | 4 5 6 8 9 10 11 12 | 12.3
Armour         | 4 5 6 8 9 10 11 12 | 12.3
Invocations    | 1 3 4 6 7 |  7.0
Evocations     | 1 3 4 5 7 |  7.0
Dodging        | 1 3 |  3.0
Poison Magic   | 3 4 |  4.9
Necromancy     | 2 3 |  3.0
Charms         | 2 3 |  3.0
Spellcasting   | 2 3 |  3.6

Action                   |  1- 3 |  4- 6 |  7- 9 | 10-12 | 13-15 | 16-18 || total
-------------------------+-------+-------+-------+-------+-------+-------++-------
Melee: War axe           |   124 |   146 |   214 |       |       |       ||   484
       Battleaxe         |       |       |   135 |   485 |   872 |   108 ||  1600
Throw: Tomahawk          |       |       |     1 |     9 |     3 |       ||    13
       Javelin           |       |       |       |       |     5 |       ||     5
Invok: Heroism           |       |       |       |     4 |     3 |     1 ||     8
 Abil: Dig               |       |       |     5 |     2 |     2 |     1 ||    10
Evoke: Wand              |       |       |     7 |     6 |     3 |     2 ||    18
  Use: Potion            |       |     1 |       |       |       |     2 ||     3
       Scroll            |       |       |     9 |     4 |    14 |     7 ||    34
 Stab: Paralysed         |       |       |       |     1 |       |       ||     1
  Eat: Chunk             |     1 |     4 |    12 |    16 |    31 |     4 ||    68
       Ration            |       |       |     1 |     1 |       |       ||     2
Armor: Scale mail        |    83 |    65 |    74 |       |       |       ||   222
       Plate armour      |       |       |    92 |   214 |   127 |       ||   433
       Chain mail        |       |       |       |       |   124 |       ||   124
       Quicksilver drago |       |       |       |       |    58 |    36 ||    94
Dodge: Dodged            |    43 |    41 |    81 |   109 |   208 |    25 ||   507
Block: Shield            |    86 |    88 |   186 |   337 |   571 |    58 ||  1326
       Reflection        |       |       |       |       |    20 |     3 ||    23
